 Dungeon Crawl Stone Soup version 0.30.1-3-gfc49f6343a (webtiles) character file.

Game seed: 10255433021396627698

2460 Fodor the Spear-Bearer (level 9, -5/78 HPs)
             Began as a Minotaur Fighter on July 26, 2023.
             Slain by a killer bee (8 damage)
             ... on level 7 of the Dungeon.
             The game lasted 00:31:14 (6229 turns).

Fodor the Spear-Bearer (Minotaur Fighter)           Turns: 6229, Time: 00:31:17

Health: -5/78      AC:  9    Str: 26    XL:     9   Next: 26%
Magic:  2/2        EV: 11    Int:  5    God:
Gold:   291        SH:  5    Dex:  9    Spells: 8/8 levels left

rFire   . . .        j - +3 trident (antimagic)
rCold   . . .        c - +0 buckler
rNeg    . . .        b - +0 scale mail
rPois   .            g - +2 hat
rElec   .            r - scarf {+Inv}
rCorr   .            y - +2 pair of gloves
SInv    .            (no boots)
Will    .....        (no amulet) Stlth
                     (no ring)
HPRegen 0.33/turn    (no ring)
MPRegen 0.08/turn

%: no passive effects
@: mighty, lethally poisoned (-5 -> -14), corroded, hasted, very quick
A: horns 2, retaliatory headbutt
a: Evoke Invisibility


You were on level 7 of the Dungeon.
You visited 2 branches of the dungeon, and saw 8 of its levels.

You collected 291 gold pieces.

Inventory:

Hand Weapons
 a - a +0 long sword
 j - a +3 antimagic trident (weapon)
 G - a +0 arbalest
Missiles
 i - 19 poisoned darts (quivered)
 B - 6 boomerangs
Armour
 b - a +0 scale mail (worn)
 c - a +0 buckler (worn)
 g - a +2 hat (worn)
 r - a scarf of invisibility (worn)
 y - a +2 pair of gloves (worn)
Scrolls
 f - 3 scrolls of fog
 h - 2 scrolls of enchant armour
 n - a scroll of poison {unknown}
 o - a scroll of brand weapon {unknown}
 q - 4 scrolls of teleportation
 s - a scroll of magic mapping
 t - 2 scrolls of fear {unknown}
 u - 3 scrolls of blinking
 v - a scroll of silence {unknown}
 C - a scroll of enchant weapon
 D - a scroll of noise {unknown}
 E - a scroll of vulnerability {unknown}
 H - a scroll of identify
Potions
 d - 2 potions of might
 k - a potion of haste
 l - 2 potions of ambrosia {unknown}
 m - 2 potions of degeneration {unknown}
 p - 2 potions of curing {unknown}
 w - a potion of resistance {unknown}
 x - a potion of flight {unknown}
 z - a potion of brilliance {unknown}
 A - 2 potions of mutation {unknown}
 F - a potion of cancellation {unknown}


   Skills:
 + Level 6.7 Fighting
 + Level 3.7 Long Blades
 + Level 9.3 Polearms
 + Level 7.9 Armour
 + Level 4.1 Dodging
 + Level 0.6 Stealth
 + Level 5.9 Shields


You had 8 spell levels left.
You didn't know any spells.
Your spell library contained the following spells:

 Spells                   Type           Power      Damage    Failure   Level
 Apportation              Tloc           0%         N/A       78%         1
 Necrotise                Necr           0%         1d4       78%         1
 Summon Small Mammal      Summ           0%         N/A       78%         1
 Ensorcelled Hibernation  Hex/Ice        0%         N/A       89%         2
 Passwall                 Tmut/Erth      0%         N/A       89%         2
 Swiftness                Air            0%         N/A       98%         3


Dungeon Overview and Level Annotations

Branches:
Dungeon (7/15)             Temple (1/1) D:4

Altars:
Cheibriados
Dithmenos
Elyvilon
Hepliaklqana
Nemelex Xobeh
Qazlal
Ru
Sif Muna
Uskayaw
Wu Jian
Xom
Yredelemnul
The Shining One


Innate Abilities, Weirdness & Mutations

You have a pair of horns on your head.
You reflexively headbutt those who attack you in melee.


Message History

* * * LOW HITPOINT WARNING * * *
The orc hits you with a +0 hand axe.
* * * LOW HITPOINT WARNING * * *
The killer bee closely misses you. You furiously retaliate!
You headbutt the killer bee! You puncture the white imp!
You kill the white imp!
You feel sick.
The killer bee stings you but does no damage.
The scorpion closely misses you. The orc priest barely misses you.
The orc misses you. The killer bee barely misses you.
The scorpion stings you but does no damage.
You feel much better.
You feel sick.
The killer bee buzzes angrily.
The killer bee stings you but does no damage.
The orc priest mumbles some strange prayers to Beogh against you.
Pain shoots through your body! You block the orc's attack.
You block the killer bee's attack. The killer bee stings you.
The scorpion barely misses you. You furiously retaliate!
You headbutt the scorpion! You barely miss the orc priest.
You headbutt the orc priest!
You kill the orc priest!
You feel sick.
The killer bee stings you but does no damage.
The killer bee closely misses you. The orc hits you with a +0 hand axe.
* * * LOW HITPOINT WARNING * * *
The scorpion stings you.
* * * LOW HITPOINT WARNING * * *
You are more poisoned.
The scorpion poisons you! The killer bee stings you.
* * * LOW HITPOINT WARNING * * *
The killer bee stings you.
* * * LOW HITPOINT WARNING * * *
It was a potion of haste.
You feel yourself speed up.
* * * LOW HITPOINT WARNING * * *
You feel very sick. You block the orc's attack.
The scorpion stings you but does no damage.
The killer bee stings you!
You die...

...########.#
#.#.# .#...#
##.###.#†#
####.#
.........## #
... ..........##
#
#..........≈...#
#
..........§§..#
# .........≈§..#
.......§≈§..#
......y@)..#
.....yyso.##
.....)._.##
.#####...# ....#
...≈.# ....≈.#
.....≈.#


You could see a scorpion, 3 killer bees and an orc.

Vanquished Creatures
  A cyclops (D:7)
  A steam dragon (D:7)
  2 orc warriors
  2 ice beasts (D:6)
  2 sky beasts
  2 black bears
  A phantom (D:6)
  2 kobold brigands
  Blork the orc (D:6)
  2 bullfrogs
  5 scorpions
  A jelly (D:7)
  3 orc priests (D:7)
  A hound (D:5)
  A gnoll bouda (D:7)
  4 iguanas
  Jessica (D:2)
  An orc wizard (D:6)
  5 adders
  4 gnolls
  A white imp (D:7)
  2 ufetubi
  2 worms (D:2)
  5 dart slugs
  12 orcs
  6 ball pythons
  4 bats
  15 endoplasms
  2 giant cockroaches
  10 goblins
  8 hobgoblins
  5 quokkas
  7 frilled lizards
  11 kobolds
  7 rats
139 creatures vanquished.

Notes
Turn   | Place    | Note
-------+----------+-------------------------------------------
     0 | D:1      | Fodor the Minotaur Fighter began the quest for the Orb.
     0 | D:1      | Reached XP level 1. HP: 19/19 MP: 0/0
   212 | D:1      | Reached XP level 2. HP: 27/27 MP: 1/1
   403 | D:1      | Reached XP level 3. HP: 32/33 MP: 2/2
   593 | D:2      | Noticed Jessica
   599 | D:2      | Killed Jessica
   600 | D:2      | Reached XP level 4. HP: 40/40 MP: 1/3
  1315 | D:2      | Reached skill level 1 in Polearms
  1526 | D:3      | Noticed a bullfrog
  1531 | D:3      | Killed a bullfrog
  1532 | D:3      | Reached skill level 2 in Polearms
  1532 | D:3      | Reached XP level 5. HP: 26/47 MP: 1/4
  1696 | D:3      | Found a faded altar of an unknown god.
  2057 | D:3      | Found an ornate altar of the Wu Jian Council.
  2536 | D:4      | Found a staircase to the Ecumenical Temple.
  2553 | Temple   | Entered the Ecumenical Temple
  2677 | D:4      | Noticed a black bear
  2687 | D:4      | Killed a black bear
  2688 | D:4      | Reached skill level 3 in Polearms
  2688 | D:4      | Reached skill level 1 in Dodging
  2688 | D:4      | Reached XP level 6. HP: 44/53 MP: 1/5
  2998 | D:4      | Reached skill level 4 in Polearms
  3350 | D:4      | Reached skill level 5 in Armour
  3385 | D:4      | Found a shadowy altar of Dithmenos.
  3627 | D:5      | Entered Level 5 of the Dungeon
  4192 | D:5      | Reached XP level 7. HP: 60/60 MP: 2/6
  4287 | D:5      | Reached skill level 5 in Fighting
  4287 | D:5      | Reached skill level 5 in Polearms
  4335 | D:5      | Found a large runed translucent door.
  4336 | D:5      | Found a large runed translucent door.
  4340 | D:5      | Found a shimmering altar of Xom.
  4675 | D:6      | Reached skill level 6 in Polearms
  4771 | D:6      | Reached skill level 5 in Shields
  4799 | D:6      | Reached XP level 8. HP: 68/68 MP: 2/7
  4825 | D:6      | Reached skill level 7 in Polearms
  4994 | D:6      | Noticed Blork the orc
  5027 | D:6      | Killed Blork the orc
  5773 | D:7      | Noticed a cyclops
  5797 | D:7      | Killed a cyclops
  5798 | D:7      | Reached skill level 8 in Polearms
  5978 | D:7      | Reached XP level 9. HP: 50/78 MP: 2/8
  6201 | D:7      | Reached skill level 9 in Polearms
  6203 | D:7      | Found a sacrificial altar of Ru.
  6229 | D:7      | HP: 3/78 [poisoned by a scorpion]
  6229 | D:7      | Slain by a killer bee

Illustrated notes

Levels and vault maps discovered:
D:1:      minmay_arrival_glassed_features, layout_basic, hangedman_decor_points
D:2:      layout_basic, minivault_27, uniq_jessica
D:3:      layout_loops_corners, nicolae_wu_jian_wuxing_cycle,
          ebering_ecumenical_altar_webs
D:4:      minmay_general_purpose_star, layout_cave_pods, lemuel_crystal_altar,
          minmay_temple_entry_nine_rooms, minmay_misc_feat_more_columns
D:5:      due_chaos_kobolds, layout_loops_corners
D:6:      layout_basic, uniq_blork_the_orc
D:7:      layout_rooms, mainiacjoe_overflow_paths,
          mainiacjoe_overflow_boulevard, serial_shops, shop
Temple:   eino_temple_lava

Skill      XL: |  1  2  3  4  5  6  7  8  9 |
---------------+----------------------------+-----
Shields        | 4 5 |  5.9
Fighting       | 4 5 6 |  6.7
Armour         | 4 5 6 7 |  7.9
Long Blades    | 3 |  3.7
Polearms       | 2 3 4 6 8 9 |  9.3
Dodging        | 1 2 3 4 |  4.1
Stealth        | |  0.6

Action                     |  1- 3 |  4- 6 |  7- 9 || total
---------------------------+-------+-------+-------++-------
  Melee: Long sword        |    52 |       |       ||    52
         Headbutt          |     8 |    13 |    33 ||    54
         Trident           |     8 |   147 |   171 ||   326
    Use: Scroll            |       |    12 |     1 ||    13
         Potion            |       |       |     5 ||     5
 Armour: Scale mail        |    45 |    64 |   106 ||   215
  Dodge: Dodged            |    35 |    74 |    81 ||   190
  Block: Buckler           |    14 |    29 |    40 ||    83
